ORI
UNIVERSITY OF MIAMI HURRICANES @ UNIVERSITY OF VIRGINIA CAVALIERS
08/15/2047
 
TOP OF THE 1ST
University of Miami Hurricanes batting - Pitching for University of Virginia Cavaliers : RHP Arturo Vargas
Pitching: RHP Arturo Vargas
Batting: LHB Juan Zuniga 0-0: Bunted foul
0-1: Foul Ball, location: 2F
0-2: Strikes out swinging
Batting: LHB Hector Salazar 0-0: Called Strike
0-1: Foul Ball, location: 2F
0-2: Ball
1-2: Strikes out swinging
Batting: RHB Luis Sanchez 0-0: Ball
1-0: Ball
2-0: Ground out 1-3 (Groundball, 25, EV 73.8 MPH)
Top of the 1st over - 0 runs, 0 hits, 0 errors, 0 left on base; University of Miami 0 - University of Virginia 0
BOTTOM OF THE 1ST
University of Virginia Cavaliers batting - Pitching for University of Miami Hurricanes : LHP Dao-zi Woo
Pitching: LHP Dao-zi Woo
Batting: RHB Scott Anderson 0-0: Ball
1-0: Ball
2-0: Ball
3-0: Called Strike
3-1: Called Strike
3-2: SINGLE (Line Drive, 4M, EV 103.1 MPH)
Batting: LHB Edelberto Barbas 0-0: Reached on error, E6 (Groundball, 6, EV 88.1 MPH)
Scott Anderson to second
Batting: LHB Ray Nichter 0-0: Foul Ball, location: 2F
0-1: SINGLE (Line Drive, 78S, EV 87.5 MPH)
Scott Anderson to third
Edelberto Barbas to second
Batting: LHB Alex Aguilar 0-0: Called Strike
0-1: SINGLE (Line Drive, 4MD, EV 98.8 MPH)
Scott Anderson scores
Edelberto Barbas to third
Ray Nichter to second
Batting: RHB Mike Llamas 0-0: Ball
1-0: Called Strike
1-1: Fly out, F9 (Flyball, 9, EV 90.0 MPH)
Runner from 3rd tags up, SCORES, throw by RF
Ray Nichter to third
Batting: RHB Jose Velez 0-0: Foul Ball, location: 2F
0-1: DOUBLE (Flyball, 8RXD, EV 100.6 MPH)
Ray Nichter scores
Alex Aguilar to third
Batting: RHB Luke Bertrand 0-0: Ball
1-0: Called Strike
1-1: Fly out, F7 (Flyball, 7S, EV 89.4 MPH)
Batting: RHB Nick Cech 0-0: Ball
1-0: Called Strike
1-1: Foul Ball, location: 2F
1-2: Strikes out looking
Bottom of the 1st over - 3 runs, 4 hits, 1 error, 2 left on base; University of Miami 0 - University of Virginia 3
TOP OF THE 2ND
University of Miami Hurricanes batting - Pitching for University of Virginia Cavaliers : RHP Arturo Vargas
Batting: RHB Burke Miller 0-0: Called Strike
0-1: Ball
1-1: Fly out, F6 (Popup, 6, EV 78.1 MPH)
Batting: RHB Chris Zubia 0-0: Ground out 5-3 (Groundball, 56, EV 95.0 MPH)
Batting: SHB Taylor Shelton 0-0: Foul Ball, location: 2F
0-1: Foul Ball, location: 2F
0-2: Strikes out swinging
Top of the 2nd over - 0 runs, 0 hits, 0 errors, 0 left on base; University of Miami 0 - University of Virginia 3
BOTTOM OF THE 2ND
University of Virginia Cavaliers batting - Pitching for University of Miami Hurricanes : LHP Dao-zi Woo
Batting: RHB Tony Montoya 0-0: Called Strike
0-1: Foul Ball, location: 2F
0-2: Foul Ball, location: 2F
0-2: Fly out, F8 (Line Drive, 8LS, EV 93.1 MPH)
Batting: RHB Scott Anderson 0-0: Ball
1-0: Reached on error, E3 (Groundball, 34S, EV 88.1 MPH)
Batting: LHB Edelberto Barbas 0-0: Ball
1-0: Ball
2-0: Fielders Choice at 2nd, 6-4 (Groundball, 56, EV 107.5 MPH)
Batting: LHB Ray Nichter 0-0: Called Strike
0-1: Ball
1-1: Ball
2-1: Foul Ball, location: 2F
2-2: Strikes out swinging
Bottom of the 2nd over - 0 runs, 0 hits, 1 error, 1 left on base; University of Miami 0 - University of Virginia 3
TOP OF THE 3RD
University of Miami Hurricanes batting - Pitching for University of Virginia Cavaliers : RHP Arturo Vargas
Batting: RHB Danny Diaz 0-0: Ball
1-0: Ball
2-0: Foul Ball, location: 2F
2-1: Called Strike
2-2: Foul Ball, location: 2F
2-2: Foul Ball, location: 2F
2-2: Foul Ball, location: 2F
2-2: Foul Ball, location: 2F
2-2: Foul Ball, location: 2F
2-2: Ball
3-2: Strikes out swinging
Batting: RHB Danny Gallardo 0-0: Called Strike
0-1: Ball
1-1: Called Strike
1-2: Ball
2-2: Strikes out swinging
Batting: RHB Justin Jackson 0-0: Ball
1-0: Swinging Strike
1-1: Swinging Strike
1-2: Foul Ball, location: 2F
1-2: Ball
2-2: Ball
3-2: Strikes out swinging
Top of the 3rd over - 0 runs, 0 hits, 0 errors, 0 left on base; University of Miami 0 - University of Virginia 3
BOTTOM OF THE 3RD
University of Virginia Cavaliers batting - Pitching for University of Miami Hurricanes : LHP Dao-zi Woo
Batting: LHB Alex Aguilar 0-0: Ball
1-0: Fly out, F8 (Line Drive, 8RD, EV 98.1 MPH)
Batting: RHB Mike Llamas 0-0: Foul Ball, location: 2F
0-1: Ball
1-1: Ball
2-1: Ball
3-1: Ground out 4-3 (Groundball, 4, EV 86.9 MPH)
Batting: RHB Jose Velez 0-0: Ball
1-0: Fly out, F7 (Flyball, 7, EV 93.1 MPH)
Bottom of the 3rd over - 0 runs, 0 hits, 0 errors, 0 left on base; University of Miami 0 - University of Virginia 3
TOP OF THE 4TH
University of Miami Hurricanes batting - Pitching for University of Virginia Cavaliers : RHP Arturo Vargas
Pitching: LHP Cory Byler
Batting: LHB Juan Zuniga 0-0: Ball
1-0: Ground out 4-3 (Groundball, 4, EV 89.4 MPH)
Batting: LHB Hector Salazar 0-0: Foul Ball, location: 2F
0-1: Swinging Strike
0-2: Ball
1-2: Ground out 5-3 (Groundball, 56, EV 108.8 MPH)
Batting: RHB Luis Sanchez 0-0: Ball
1-0: Called Strike
1-1: SINGLE (Groundball, 34D, EV 101.9 MPH)
Batting: RHB Burke Miller 0-0: Called Strike
0-1: Called Strike
0-2: Ball
1-2: Foul Ball, location: 2F
1-2: Foul Ball, location: 2F
1-2: Ball
2-2: Foul Ball, location: 2F
2-2: Fly out, F9 (Flyball, 89M, EV 94.4 MPH)
Top of the 4th over - 0 runs, 1 hit, 0 errors, 1 left on base; University of Miami 0 - University of Virginia 3
BOTTOM OF THE 4TH
University of Virginia Cavaliers batting - Pitching for University of Miami Hurricanes : LHP Dao-zi Woo
Batting: RHB Luke Bertrand 0-0: Called Strike
0-1: Ball
1-1: Called Strike
1-2: Ball
2-2: Ground out 5-3 (Groundball, 56S, EV 72.5 MPH)
Batting: RHB Nick Cech 0-0: Called Strike
0-1: Swinging Strike
0-2: Ball
1-2: Strikes out swinging
Batting: RHB Tony Montoya 0-0: Foul Ball, location: 2F
0-1: Ball
1-1: Called Strike
1-2: Foul Ball, location: 2F
1-2: Strikes out swinging
Bottom of the 4th over - 0 runs, 0 hits, 0 errors, 0 left on base; University of Miami 0 - University of Virginia 3
TOP OF THE 5TH
University of Miami Hurricanes batting - Pitching for University of Virginia Cavaliers : LHP Cory Byler
Now at C: Mink Hendriks
Batting: RHB Chris Zubia 0-0: Ground out 4-3 (Groundball, 4, EV 84.4 MPH)
Batting: SHB Taylor Shelton 0-0: Ball
1-0: Foul Ball, location: 2F
1-1: Ball
2-1: Foul Ball, location: 2F
2-2: Fly out, F2 (Popup, 2L, EV 91.9 MPH)
Batting: RHB Danny Diaz 0-0: Ball
1-0: Called Strike
1-1: Ball
2-1: Swinging Strike
2-2: Fly out, F8 (Flyball, 78M, EV 90.6 MPH)
Top of the 5th over - 0 runs, 0 hits, 0 errors, 0 left on base; University of Miami 0 - University of Virginia 3
BOTTOM OF THE 5TH
University of Virginia Cavaliers batting - Pitching for University of Miami Hurricanes : LHP Dao-zi Woo
Pitching: RHP Josh Sundberg
Now at 1B: Alastair Cummings
Now at 2B: Drew Morgenstern
Now at 3B: Addergoole Kartosuwiryo
Now in LF: Jonathan Gardner
Now in CF: Mark Kerr
Pinch Hitting: RHB Matt Morales 0-0: Ball
1-0: Called Strike
1-1: Fly out, F7 (Flyball, 78M, EV 82.5 MPH)
Batting: LHB Edelberto Barbas 0-0: Called Strike
0-1: Called Strike
0-2: Foul Ball, location: 2F
0-2: Ball
1-2: Ball
2-2: Strikes out swinging
Pinch Hitting: RHB Maurice McDonald 0-0: Ball
1-0: SINGLE (Flyball, 9LS, EV 92.5 MPH)
Batting: LHB Alex Aguilar 0-0: Ball
1-0: Called Strike
1-1: Called Strike
1-2: Strikes out swinging
Bottom of the 5th over - 0 runs, 1 hit, 0 errors, 1 left on base; University of Miami 0 - University of Virginia 3
TOP OF THE 6TH
University of Miami Hurricanes batting - Pitching for University of Virginia Cavaliers : LHP Cory Byler
Pitching: RHP Tofik Javakhov
Now at 1B: Jason Lambert
Now at 2B: Jason Thresher
Now at SS: Maurice McDonald
Now in LF: Matt Morales
Batting: RHB Danny Gallardo 0-0: Ball
1-0: Hit by Pitch
Batting: RHB Justin Jackson 0-0: Ball
Danny Gallardo steals 2nd base
1-0: Swinging Strike
1-1: Ball
2-1: Swinging Strike
2-2: Strikes out swinging
Batting: LHB Addergoole Kartosuwiryo 0-0: Ball
1-0: Ball
2-0: Fly out, F7 (Flyball, 7S, EV 90.6 MPH)
Pinch Hitting: LHB Jose Lopez 0-0: Swinging Strike
0-1: Ball
1-1: Foul Ball, location: 2F
1-2: Foul Ball, location: 2F
1-2: Ball
2-2: SINGLE (Groundball, 34D, EV 93.8 MPH)
Danny Gallardo to third
Batting: RHB Sam Costello 0-0: Swinging Strike
0-1: Foul Ball, location: 2F
0-2: SINGLE (Line Drive, 4M, EV 105.0 MPH)
Danny Gallardo scores
Jose Lopez to second
Runner from 2nd tries for 3rd, OUT! 8-5
Top of the 6th over - 1 run, 2 hits, 0 errors, 1 left on base; University of Miami 1 - University of Virginia 3
BOTTOM OF THE 6TH
University of Virginia Cavaliers batting - Pitching for University of Miami Hurricanes : RHP Josh Sundberg
Now at C: Edward Purkis
Now in RF: Jose Lopez
Batting: RHB Jason Lambert 0-0: Ball
1-0: Foul Ball, location: 2F
1-1: Foul Ball, location: 2F
1-2: Ball
2-2: Ground out 4-3 (Groundball, 4, EV 91.2 MPH)
Pinch Hitting: SHB Ethan Lewis 0-0: Swinging Strike
0-1: Foul Ball, location: 2F
0-2: Strikes out swinging
Pinch Hitting: SHB Tim Lloyd 0-0: Ball
1-0: Ball
2-0: Ball
3-0: Base on Balls
Pinch Hitting: RHB Allen McCaskill 0-0: Called Strike
0-1: Foul Ball, location: 2F
0-2: Foul Ball, location: 2F
0-2: Ball
1-2: Strikes out swinging
Bottom of the 6th over - 0 runs, 0 hits, 0 errors, 1 left on base; University of Miami 1 - University of Virginia 3
TOP OF THE 7TH
University of Miami Hurricanes batting - Pitching for University of Virginia Cavaliers : RHP Tofik Javakhov
Now at 3B: Jeremy Weber
Now in CF: Billy Wells
Now in RF: Juan Castillo
Batting: RHB Drew Morgenstern 0-0: Foul Ball, location: 2F
0-1: Ball
1-1: Called Strike
1-2: Foul Ball, location: 2F
1-2: Ball
2-2: Ball
3-2: Strikes out swinging
Pinch Hitting: SHB Steve Bailey 0-0: Called Strike
0-1: Called Strike
0-2: Strikes out swinging
Pinch Hitting: LHB Rusty Craig 0-0: Ball
1-0: Ball
2-0: Foul Ball, location: 2F
2-1: Ball
3-1: Ground out U3 (Groundball, 34, EV 76.2 MPH)
Top of the 7th over - 0 runs, 0 hits, 0 errors, 0 left on base; University of Miami 1 - University of Virginia 3
BOTTOM OF THE 7TH
University of Virginia Cavaliers batting - Pitching for University of Miami Hurricanes : RHP Josh Sundberg
Pitching: RHP Kieran Jesso
Now in LF: Rusty Craig
Now in CF: Harry Labelle
Batting: SHB Mink Hendriks 0-0: Ball
1-0: SINGLE (Groundball, 4MS, EV 68.8 MPH) (infield hit)
Batting: RHB Matt Morales 0-0: Ball
1-0: Foul Ball, location: 2F
1-1: DOUBLE (Groundball, 5L, EV 100.0 MPH)
Mink Hendriks to third
Batting: RHB Leo Baxter 0-0: Swinging Strike
0-1: Ball
1-1: Called Strike
1-2: Foul Ball, location: 2F
1-2: Strikes out looking
Batting: RHB Maurice McDonald 0-0: Ball
1-0: Called Strike
1-1: Ball
2-1: Foul Ball, location: 2F
2-2: Strikes out swinging
Batting: RHB Jason Thresher 0-0: Ball
1-0: Called Strike
1-1: Ball
2-1: Foul Ball, location: 2F
2-2: Strikes out swinging
Bottom of the 7th over - 0 runs, 2 hits, 0 errors, 2 left on base; University of Miami 1 - University of Virginia 3
TOP OF THE 8TH
University of Miami Hurricanes batting - Pitching for University of Virginia Cavaliers : RHP Tofik Javakhov
Pitching: LHP Justin Frost
Pinch Hitting: RHB Leonardo Morales 0-0: Called Strike
0-1: Ground out 6-3 (Groundball, 6, EV 88.8 MPH)
Pinch Hitting: RHB Tu Vo 0-0: Called Strike
0-1: Swinging Strike
0-2: Ball
1-2: Foul Ball, location: 2F
1-2: Ball
2-2: Ground out 6-3 (Groundball, 6, EV 102.5 MPH)
Batting: RHB Edward Purkis 0-0: Ball
1-0: Called Strike
1-1: Ground out 4-3 (Groundball, 4, EV 89.4 MPH)
Top of the 8th over - 0 runs, 0 hits, 0 errors, 0 left on base; University of Miami 1 - University of Virginia 3
BOTTOM OF THE 8TH
University of Virginia Cavaliers batting - Pitching for University of Miami Hurricanes : RHP Kieran Jesso
Pitching: RHP Ernie Zepeda
Now at 1B: Leonardo Morales
Now at SS: Tu Vo
Batting: RHB Jason Lambert 0-0: Called Strike
0-1: Called Strike
0-2: Fly out, F7 (Flyball, 7LSF, EV 76.9 MPH)
Batting: LHB Juan Castillo 0-0: Ball
1-0: Called Strike
1-1: Ball
2-1: Ball
3-1: Base on Balls
Batting: RHB Jeremy Weber 0-0: Ball
Wild Pitch!
Juan Castillo to second
1-0: Intentional Walk
Batting: RHB Billy Wells 0-0: Called Strike
0-1: Called Strike
0-2: Ball
1-2: Strikes out swinging
Batting: SHB Mink Hendriks 0-0: Reached on error, E3 (Groundball, 34S, EV 86.2 MPH)
Juan Castillo scores
Jeremy Weber to third
Pinch Hitting: LHB Eddie Vidalez 0-0: Ball
1-0: Swinging Strike
1-1: Called Strike
1-2: Strikes out swinging
Bottom of the 8th over - 1 run, 0 hits, 1 error, 2 left on base; University of Miami 1 - University of Virginia 4
TOP OF THE 9TH
University of Miami Hurricanes batting - Pitching for University of Virginia Cavaliers : LHP Justin Frost
Pitching: LHP Dylan Avery
Now in LF: Callum Sutherland
Batting: LHB Addergoole Kartosuwiryo 0-0: Foul Ball, location: 2F
0-1: Fly out, F7 (Flyball, 78D, EV 86.2 MPH)
Batting: LHB Jose Lopez 0-0: Foul Ball, location: 2F
0-1: Foul Ball, location: 2F
0-2: DOUBLE (Flyball, 8RD, EV 79.4 MPH)
Batting: RHB Sam Costello 0-0: Ground out 5-3 (Groundball, 56, EV 100.6 MPH)
Batting: RHB Drew Morgenstern 0-0: Called Strike
0-1: Ball
1-1: Swinging Strike
1-2: Ground out 6-3 (Groundball, 6, EV 105.0 MPH)
Top of the 9th over - 0 runs, 1 hit, 0 errors, 1 left on base; University of Miami 1 - University of Virginia 4
Thursday, December 15th , 2022 - OOTP Baseball 23.9 Build 102